 Dungeon Crawl Stone Soup version 0.27.1-1-g398f81649c (webtiles) character file.

Game seed: 14748331802849810434

49058 Tsarbomb the Severer (level 14, -16/130 HPs)
             Began as a Hill Orc Monk on Sept 6, 2021.
             Was an Elder of Makhleb.
             Killed from afar by a will-o-the-wisp (25 damage)
             ... with a foxfire
             ... on level 2 of the Swamp.
             The game lasted 01:24:16 (24287 turns).

Tsarbomb the Severer (Hill Orc Monk)               Turns: 24287, Time: 01:24:17

Health: -16/130    AC: 15    Str: 21    XL:     14   Next: 49%
Magic:  21/21      EV: 11    Int: 10    God:    Makhleb [****..]
Gold:   1106       SH: 10    Dex: 13    Spells: 15/17 levels left

rFire    . . .     SeeInvis .   o - +0 war axe (freeze)
rCold    . . .     Faith    .   r - +0 buckler
rNeg     . . .     Spirit   .   y - +1 scale mail {rPois}
rPois    +         Reflect  +   n - +1 hat
rElec    .         Harm     .   w - scarf {+Inv}
rCorr    .         Rampage  .   (no gloves)
Will     +....                  l - +0 pair of boots
Stlth    ..........             M - amulet of reflection
HPRegen  0.31/turn              R - ring of flight
MPRegen  0.17/turn              h - ring of poison resistance

@: flying
A: iridescent scales 1, strong 1
a: Renounce Religion, Evoke Invisibility, Minor Destruction, Lesser Servant of
Makhleb, Major Destruction


You were on level 2 of the Swamp.
You worshipped Makhleb.
Makhleb was greatly pleased with you.
You visited 4 branches of the dungeon, and saw 22 of its levels.

You collected 1502 gold pieces.
You spent 396 gold pieces at shops.

Inventory:

Hand Weapons
 m - a +2 flail of holy wrath
 o - a +0 war axe of freezing (weapon)
Missiles
 e - 765 stones (quivered)
Armour
 f - a +0 plate armour
 l - a +0 pair of boots (worn)
 n - a +1 hat (worn)
 r - a +0 buckler (worn)
 w - a scarf of invisibility (worn)
 y - a +1 scale mail of poison resistance (worn)
Jewellery
 h - a ring of poison resistance (right hand)
 k - a ring of fire
 u - a ring of fire
 v - an amulet of regeneration
 B - an amulet of guardian spirit
 E - a +4 ring of protection
 J - a ring of positive energy
 M - an amulet of reflection (around neck)
 O - a +4 ring of evasion
 R - a ring of flight (left hand)
 S - a +6 ring of dexterity
Wands
 a - a wand of mindburst (24)
 j - a wand of acid (20)
 s - a wand of iceblast (42)
 t - a wand of flame (32)
 F - a wand of polymorph (14)
Scrolls
 b - a scroll of teleportation
 c - 2 scrolls of blinking
 A - 4 scrolls of enchant weapon
 D - 3 scrolls of brand weapon
 H - 3 scrolls of magic mapping
 L - 2 scrolls of fog
 P - 2 scrolls of enchant armour
 Q - a scroll of amnesia
Potions
 d - 5 potions of mutation
 i - 5 potions of haste
 p - a potion of might
 q - 7 potions of curing
 x - 2 potions of brilliance
 z - a potion of resistance {unknown}
 G - a potion of berserk rage {unknown}
 K - a potion of attraction {unknown}
 T - 2 potions of ambrosia
Miscellaneous
 U - a tin of tremorstones (2/2)


   Skills:
 + Level 13.9 Fighting
 - Level 15.5(16.0) Axes
 - Level 5.5(10.4) Maces & Flails
 + Level 14.2 Armour
 - Level 2.4 Dodging
 - Level 1.5 Stealth
 - Level 4.0 Shields
 - Level 2.0 Spellcasting
 - Level 2.0 Translocations
 * Level 10.4 Invocations
 * Level 6.2 Evocations


You had 15 spell levels left.
You knew the following spells:

 Your Spells              Type           Power      Damage    Failure   Level
a - Blink                 Tloc           N/A        N/A       38%         2

Your spell library contained the following spells:

 Spells                   Type           Power      Damage    Failure   Level
 Freeze                   Ice            4%         1d3       54%         1
 Pain                     Necr           4%         1d4       54%         1
 Shock                    Conj/Air       4%         1d3       54%         1
 Lesser Beckoning         Tloc           2%         N/A       63%         3
 Sublimation of Blood     Necr           0%         N/A       67%         2
 Wereblood                Tmut           1%         N/A       67%         2
 Frozen Ramparts          Ice            2%         1d2       88%         3
 Swiftness                Air            1%         N/A       88%         3
 Airstrike                Air            0%         N/A       99%         4
 Hailstorm                Conj/Ice       1%         3d3       99%         4
 Agony                    Necr           1%         N/A       100%        5
 Excruciating Wounds      Necr           0%         N/A       100%        5
 Manifold Assault         Tloc           5%         N/A       100%        5
 Dispersal                Tloc           2%         N/A       100%        6
 Summon Hydra             Summ           0%         N/A       100%        7
 Disjunction              Tloc           2%         N/A       100%        8


Dungeon Overview and Level Annotations

Branches:
Dungeon (13/15)            Temple (0/1) D:4            Lair (5/6) D:9
  Swamp (2/4) Lair:2       Spider (0/4) Lair:2        Slime (0/5) Lair:5
    Orc (2/2) D:12            Elf (0/3) Orc:2
 Vaults: D:13-14

Altars:
Ashenzari
Kikubaaqudgha
Makhleb
Okawaru
Qazlal
Wu Jian
Zin
Beogh

Shops:
D:7 *   D:12 *

Annotations:
D:1 exclusion: downstairs
D:2 Terence
D:4 exclusion: door
D:5 exclusion: downstairs
D:7 exclusion: 2 downstairs
D:8 Erica
D:9 exclusion: 3 doors
D:10 exclusion: downstairs
D:12 exclusion: orange crystal statue
Lair:3 3 runed translucent doors, exclusion: 2 oklob plants, Ixoagrun's ghost, journeyman MiFi
Swamp:1 exclusion: downstairs
Swamp:2 1 transporter, dinky's ghost, adept SpFi
Orc:2 Jorgrun


Innate Abilities, Weirdness & Mutations

You are partially covered in iridescent scales. (AC +2)
Your muscles are strong. (Str +2)


Message History

The will-o-the-wisp gestures.
The will-o-the-wisp conjures some foxfire! 2 foxfires come into view.
You hit the will-o-the-wisp but do no damage.
The will-o-the-wisp is heavily damaged.
The foxfire hits you!! The foxfire hits you!
* * * LOW HITPOINT WARNING * * *
The will-o-the-wisp gestures.
The will-o-the-wisp conjures some foxfire! 2 foxfires come into view.
You hit the will-o-the-wisp. You freeze the will-o-the-wisp.
The will-o-the-wisp is severely damaged.
You are engulfed in a cloud of scalding steam.
The foxfire hits you!!
* * * LOW HITPOINT WARNING * * *
The foxfire hits you!
* * * LOW HITPOINT WARNING * * *
The will-o-the-wisp engulfs you but does no damage.
You feel much better.
You are engulfed in a cloud of scalding steam.
The will-o-the-wisp engulfs you!
* * * LOW HITPOINT WARNING * * *
You slash the will-o-the-wisp! You freeze the will-o-the-wisp.
The will-o-the-wisp is almost destroyed.
You are engulfed in a cloud of scalding steam.
You closely miss the will-o-the-wisp.
The will-o-the-wisp is almost destroyed.
The will-o-the-wisp engulfs you!
* * * LOW HITPOINT WARNING * * *
You feel much better.
The will-o-the-wisp gestures.
The will-o-the-wisp conjures some foxfire! 2 foxfires come into view.
You closely miss the will-o-the-wisp.
The will-o-the-wisp is severely damaged.
You slash the foxfire! You freeze the foxfire. You hit the foxfire.
You freeze the foxfire. The foxfire hits you!!
* * * LOW HITPOINT WARNING * * *
The foxfire hits you!!
You die...

..≈≈.. .[≈≈. ♣♣♣♣ ....
♣.≈♣♣♣♣♣ ♣≈♣♣
♣♣♣♣♣♣♣≈.≈...♣♣
♣≈≈♣♣♣♣♣.♣♣≈.≈..♣≈≈≈≈♣
♣♣♣..<..≈≈..≈.≈≈..♣.≈≈.♣
≈....≈≈§≈.≈≈..≈≈≈≈≈≈..♣♣
.≈≈≈≈≈≈≈≈≈)....≈≈v..≈≈.≈
≈≈≈≈≈≈≈≈≈.§≈≈..≈@v.≈≈≈§.
≈≈≈≈≈§≈≈§≈≈≈§..≈§♣♣♣.§.♣
§≈≈≈≈≈≈≈..≈≈≈≈≈≈≈≈♣♣♣♣ ♣
....≈..≈....≈...≈≈...♣♣
♣♣♣..≈.÷≈.≈≈≈♣♣)≈≈≈≈.≈♣
♣♣♣♣♣♣♣.≈..≈.♣♣≈≈≈§≈≈.♣
....(.....♣♣♣♣...≈≈≈≈≈♣
#########..≈♣♣≈..†..♣♣♣
#......F##........♣♣♣


You could see a will-o-the-wisp.

Vanquished Creatures
  A bunyip (Swamp:2)
  An eleionoma (Swamp:2)
  Josephine (D:11)
  2 hydras (Lair:5)
  A boulder beetle (D:11)
  Erolcha (Orc:1)
  9 death yaks
  A two-headed ogre (D:11)
  Nergalle (D:11)
  A goliath frog (Swamp:1)
  A swamp dragon (Swamp:2)
  4 bog bodies
  3 deep elf pyromancers (D:12)
  3 ugly things
  An orc sorcerer (Orc:1)
  An orc knight (Orc:1)
  A torpor snail (Lair:3)
  6 elephants (Lair:4)
  2 black mambas
  2 gargoyles
  Maggie (D:6)
  A kobold demonologist (D:12)
  7 cane toads
  A rime drake (Lair:5)
  4 komodo dragons
  A demonic crawler (Lair:2)
  5 tyrant leeches
  A troll (D:12)
  A polar bear (Lair:3)
  3 hornets
  Grinder (D:6)
  4 blink frogs (Lair:2)
  Sigmund (D:4)
  4 wraiths
  A shadow (D:11)
  2 spriggans
  46 yaks
  Eustachio (D:5)
  2 wyverns
  4 basilisks
  8 vampire mosquitoes
  4 swamp worms (Swamp:1)
  17 water moccasins
  An acid dragon (D:11)
  5 orc warriors
  A sky beast (D:7)
  2 ogres (D:5)
  A necrophage (D:6)
  9 centaurs
  Blork the orc (D:4)
  9 bullfrogs
  3 kobold brigands
  5 scorpions
  A water moccasin zombie (D:7)
  A wyvern skeleton (D:7)
  4 killer bees (D:9)
  3 wights (D:6)
  A hound (D:7)
  5 centaur zombies
  A jelly (D:6)
  5 orc priests
  2 gnoll shamans (D:10)
  2 iguanas (D:4)
  6 orc wizards
  6 hell rats (Lair:3)
  A killer bee zombie (D:9)
  A hound skeleton (D:4)
  13 adders
  14 gnolls
  2 river rats (D:6)
  A worm (Lair:2)
  2 dart slugs (D:4)
  23 orcs
  8 ball pythons
  4 bat zombies (D:12)
  4 endoplasms
  9 giant cockroaches
  36 goblins
  37 hobgoblins
  4 jackals (D:2)
  3 quokkas
  5 bats
  5 frilled lizards
  17 kobolds
  9 rats
  A rat zombie (D:12)
  A bush (Lair:5)
437 creatures vanquished.

Vanquished Creatures (collateral kills)
  2 hydras
  2 two-headed ogres
  An alligator (Swamp:1)
  A centaur warrior (D:10)
  A death knight (D:10)
  A spriggan druid (Swamp:1)
  A yak (D:9)
  4 wraiths (D:11)
  A warg (Orc:1)
  A water moccasin (Lair:5)
  2 orc warriors (Orc:1)
  A bullfrog (Lair:5)
  A river rat (D:9)
  2 orcs (Orc:1)
  A quokka (D:9)
22 creatures vanquished.

Vanquished Creatures (others)
  A spriggan (Swamp:2)
  A hornet (Swamp:2)
  A bush (Lair:5)
  9 foxfires (Swamp:2)
  8 fungi
  29 plants
49 creatures vanquished.

Grand Total: 508 creatures vanquished

Notes
Turn   | Place    | Note
-------+----------+-------------------------------------------
     0 | D:1      | Tsarbomb the Hill Orc Monk began the quest for the Orb.
     0 | D:1      | Reached XP level 1. HP: 19/19 MP: 1/1
   182 | D:1      | Reached skill level 1 in Maces & Flails
   283 | D:1      | Reached XP level 2. HP: 16/26 MP: 2/2
   903 | D:1      | Found a faded altar of an unknown god.
   979 | D:1      | Reached XP level 3. HP: 30/31 MP: 3/3
  1298 | D:2      | Reached XP level 4. HP: 17/39 MP: 4/4
  1864 | D:2      | Noticed Terence
  2626 | D:3      | You fall into a shaft and drop 3 floors!
  2626 | D:6      | Found a broken altar of Ashenzari.
  2757 | D:7      | Reached skill level 5 in Maces & Flails
  2757 | D:7      | Reached XP level 5. HP: 30/45 MP: 5/5
  2989 | D:7      | Reached skill level 5 in Axes
  2993 | D:7      | Reached XP level 6. HP: 40/51 MP: 6/6
  3193 | D:7      | Reached skill level 6 in Axes
  3401 | D:6      | Reached skill level 7 in Axes
  3451 | D:6      | Reached XP level 7. HP: 56/57 MP: 7/7
  3500 | D:6      | Reached skill level 8 in Axes
  4070 | D:5      | Entered Level 5 of the Dungeon
  4280 | D:5      | Reached skill level 9 in Axes
  4827 | D:5      | Reached XP level 8. HP: 64/64 MP: 8/8
  4837 | D:5      | Reached skill level 10 in Axes
  5599 | D:5      | Noticed Eustachio
  5615 | D:5      | Killed Eustachio
  6041 | D:4      | Reached skill level 11 in Axes
  6102 | D:4      | Noticed a yak
  6102 | D:4      | Noticed a yak
  6102 | D:4      | Noticed a yak
  6103 | D:4      | Noticed a yak
  6103 | D:4      | Noticed a yak
  6577 | D:3      | Found an iron altar of Okawaru.
  6949 | D:4      | Noticed a yak
  7020 | D:6      | Noticed Grinder
  7026 | D:6      | Paralysed by Grinder for 7 turns
  7098 | D:6      | Found a burning altar of Makhleb.
  7103 | D:6      | Found a glowing silver altar of Zin.
  7104 | D:6      | Noticed an Executioner
  7104 | D:6      | Noticed an angel
  7117 | D:6      | Became a worshipper of Makhleb the Destroyer
  7117 | D:6      | Reached * piety under Makhleb
  7117 | D:6      | Reached ** piety under Makhleb
  7205 | D:6      | Noticed Maggie
  7444 | D:7      | Reached skill level 1 in Invocations
  7465 | D:7      | Reached skill level 1 in Armour
  7465 | D:7      | Reached skill level 1 in Evocations
  7675 | D:7      | Learned a level 2 spell: Blink
  7710 | D:7      | Found Nepto's Serpentskin Sales.
  7714 | D:7      | Reached XP level 9. HP: 72/72 MP: 11/11
  7718 | D:7      | Reached skill level 1 in Translocations
  7724 | D:7      | Bought a ring of poison resistance for 240 gold pieces
  8110 | D:8      | Noticed a hornet
  8218 | D:7      | Bought a +1 scale mail of poison resistance for 156 gold
                  | pieces
  8476 | D:8      | Reached skill level 5 in Fighting
  8545 | D:8      | Noticed Erica
  8600 | D:8      | HP: 3/74 [something (8)]
  8601 | D:8      | Gained mutation: Your muscles are strong. (Str +2) [potion
                  | of mutation]
  8601 | D:8      | Gained mutation: You are partially covered in iridescent
                  | scales. (AC +2) [potion of mutation]
  8605 | D:8      | HP: 3/69 [something (4)]
  8605 | D:8      | HP: 1/69 [something (2)]
  8990 | D:4      | Noticed Sigmund
  8999 | D:4      | Killed Sigmund
  9032 | D:4      | Found a staircase to the Ecumenical Temple.
  9072 | D:4      | Noticed Blork the orc
  9089 | D:4      | Killed Blork the orc
  9461 | D:4      | Reached skill level 5 in Invocations
  9480 | D:4      | Reached skill level 5 in Armour
  9506 | D:4      | Reached XP level 10. HP: 47/84 MP: 14/14
  9901 | D:6      | Killed Grinder
  9931 | D:6      | Killed Maggie
 10622 | D:9      | Reached *** piety under Makhleb
 10721 | D:9      | Reached skill level 1 in Spellcasting
 10854 | D:9      | Reached skill level 12 in Axes
 10854 | D:9      | Reached XP level 11. HP: 56/95 MP: 16/16
 10961 | D:9      | Noticed a death yak
 11021 | D:9      | Found a staircase to the Lair.
 11106 | D:10     | Entered Level 10 of the Dungeon
 11391 | D:10     | Reached skill level 1 in Shields
 11422 | D:10     | Found an ornate altar of the Wu Jian Council.
 11422 | D:10     | Noticed a boulder beetle
 11445 | D:11     | Noticed a five-headed hydra
 11549 | D:11     | Noticed Josephine
 11559 | D:11     | Killed Josephine
 11576 | D:11     | Reached skill level 13 in Axes
 11691 | D:11     | Noticed a two-headed ogre
 11712 | D:10     | Noticed a centaur warrior
 11736 | D:10     | Killed a centaur warrior
 11738 | D:10     | Noticed a death knight
 11913 | D:9      | Noticed a death yak
 11913 | D:9      | Noticed a death yak
 12583 | D:10     | Noticed a two-headed ogre
 12998 | D:11     | Killed a boulder beetle
 13068 | D:11     | Killed a two-headed ogre
 13145 | D:11     | Reached skill level 14 in Axes
 13145 | D:11     | Reached XP level 12. HP: 106/106 MP: 18/18
 13147 | D:11     | Noticed Nergalle
 13158 | D:11     | Killed Nergalle
 13159 | D:11     | Reached skill level 10 in Fighting
 13240 | D:11     | Noticed a two-headed ogre
 13247 | D:11     | Killed a two-headed ogre
 13248 | D:11     | Reached skill level 10 in Armour
 13550 | D:10     | Killed a death knight
 14138 | D:12     | Found Gapenemask's Assorted Antiques.
 14518 | D:12     | Found a staircase to the Orcish Mines.
 14550 | D:12     | Noticed a two-headed ogre
 14558 | D:12     | Killed a two-headed ogre
 14694 | D:12     | Found an ancient bone altar of Kikubaaqudgha.
 14740 | D:12     | Noticed a soul eater
 14745 | D:12     | Reached skill level 15 in Axes
 14931 | D:13     | Noticed a centaur warrior
 14995 | Orc:1    | Entered Level 1 of the Orcish Mines
 15004 | Orc:1    | Noticed Erolcha
 15097 | Orc:1    | Killed Erolcha
 15109 | Orc:1    | Found a roughly hewn altar of Beogh.
 15476 | Orc:2    | Entered Level 2 of the Orcish Mines
 15476 | Orc:2    | Noticed Jorgrun
 15476 | Orc:2    | Found a staircase to the Elven Halls.
 15668 | D:9      | Killed a death yak
 15700 | D:9      | Killed a death yak
 15706 | D:9      | Killed a death yak
 15707 | D:9      | Reached XP level 13. HP: 116/116 MP: 19/19
 15712 | Lair:1   | Entered Level 1 of the Lair of Beasts
 17006 | Lair:2   | Found a hole to the Spider Nest.
 17019 | Lair:2   | Reached skill level 5 in Evocations
 17359 | Lair:2   | Reached **** piety under Makhleb
 17406 | Lair:2   | Found a staircase to the Swamp.
 17917 | Lair:3   | Noticed Ixoagrun's ghost (journeyman MiFi)
 17919 | Lair:3   | Noticed a minotaur
 17954 | Lair:3   | Found a runed translucent gate.
 17954 | Lair:3   | Found a runed translucent gate.
 17954 | Lair:3   | Found a runed translucent gate.
 20593 | Lair:5   | Found a stormy altar of Qazlal.
 20611 | Lair:5   | Identified the +3 buckler of Reason {Will- Regen+ Dex+3
                  | Stlth+}
 20796 | Lair:4   | Reached XP level 14. HP: 54/129 MP: 21/21
 21523 | Lair:5   | Found a staircase to the Slime Pits.
 21909 | Swamp:1  | Entered Level 1 of the Swamp
 22317 | Swamp:1  | Reached skill level 10 in Invocations
 23974 | Swamp:2  | Noticed a thorn hunter
 24052 | Swamp:2  | Found a transporter.
 24052 | Swamp:2  | Noticed dinky's ghost (adept SpFi)
 24054 | Swamp:2  | Noticed a ghoul
 24287 | Swamp:2  | Killed from afar by a will-o-the-wisp

Illustrated notes

Levels and vault maps discovered:
D:1:      mainiacjoe_arrival_reflecting_pool, layout_basic,
          hellmonk_ecumenical_altar_lost_god, chequers_garden
D:2:      layout_rooms, chequers_avenue, chequers_serial_rivers_small_3,
          kennysheep_generic_room_13, uniq_terence
D:3:      layout_loops_cross, mainiacjoe_overflow_alcove_4
D:4:      layout_loops_corners, temple_fountains, uniq_blork_the_orc,
          uniq_sigmund
D:5:      minmay_goblin_kobold_castle, layout_basic, lexackson_kobold_supper,
          uniq_eustachio
D:6:      layout_cave_pods, overflow_temple_1_default,
          grunt_temple_overflow_order_and_chaos_2, portal_sewer_entry_e,
          uniq_grinder, uniq_maggie
D:7:      layout_basic, chequers_serial_rivers_large_a, guppyfry_shop_venom
D:8:      layout_gridville, serial_shops, nicolae_lakefront_shop, uniq_erica
D:9:      kennysheep_seaside_town, layout_stronghold, dpeg_lair_monsters,
          minmay_crystal_room
D:10:     layout_roguey, minmay_ruined_shrine
D:11:     layout_basic, chequers_arboretum, uniq_nergalle, uniq_josephine
D:12:     layout_loops_ring, orc_0_dummy, serial_glass, glass_columns_a,
          glass_columns_a, serial_shops, nicolae_shop_overgrown_old_shop,
          minivault_16, minmay_misc_feat_secret_circle,
          lemuel_zombie_altar_kikubaaqudgha
D:13:     layout_rooms, uniq_rupert, uniq_snorg
Lair:1:   layout_layer_cave, lemuel_fruit_tree
Lair:2:   layout_cave_pods, swamp_mist, nicolae_spider_entry_non_spiders,
          serial_bayou_pond_a
Lair:3:   layout_long_grid, maelrawn_ghost_gauntlet_escape, st_stairs_4,
          serial_bayou_pond_d, minmay_lair_oklob_chamber
Lair:4:   layout_loops_ring
Lair:5:   layout_hall_layers, dpeg_slime_entry_corner, basic_altar,
          minmay_hedge_maze, st_stairs_11
Swamp:1:  layout_falls_marsh, evilmike_swamp_ruin_house_2, swamp_pool2,
          infiniplex_staircase_pool_2
Swamp:2:  layout_basic_swamp, gammafunk_ghost_arena, evilmike_swamp_ruin_house_1
Orc:1:    layout_diamond_mine, basic_altar, uniq_erolcha
Orc:2:    st_orc_pillars, layout_diamond_mine, uniq_nessos, uniq_azrael,
          uniq_jorgrun, uniq_maurice

Skill      XL: |  1  2  3  4  5  6  7  8  9 10 11 12 13 14 |
---------------+-------------------------------------------+-----
Maces & Flails | 1 2 3 5 |  5.5
Axes           | 5 7 9 11 12 14 15 | 15.5
Invocations    | 3 5 7 8 9 10 | 10.4
Armour         | 2 5 8 9 11 13 14 | 14.2
Evocations     | 2 4 6 |  6.2
Fighting       | 4 6 8 9 11 13 | 13.9
Translocations | 2 |  2.0
Spellcasting   | 1 2 |  2.0
Shields        | 2 4 |  4.0
Dodging        | |  2.4
Stealth        | |  1.5

Action                   |  1- 3 |  4- 6 |  7- 9 | 10-12 | 13-15 || total
-------------------------+-------+-------+-------+-------+-------++-------
Melee: Hand axe          |   104 |   107 |       |       |       ||   211
       War axe           |       |    60 |   436 |   660 |   595 ||  1751
       Flail             |       |       |       |     4 |    35 ||    39
Throw: Throwing net      |       |     2 |     1 |       |       ||     3
Invok: Minor Destruction |       |       |       |     8 |     4 ||    12
       Lesser Servant of |       |       |       |    21 |     8 ||    29
 Abil: Evoke Invisibilit |       |       |     1 |     2 |       ||     3
Evoke: Wand              |       |       |       |     1 |       ||     1
  Use: Potion            |       |     1 |     2 |     3 |     3 ||     9
       Scroll            |       |       |    11 |     4 |     9 ||    24
 Stab: Sleeping          |     2 |     1 |     1 |       |       ||     4
       Invisible         |       |       |       |     1 |       ||     1
       Distracted        |       |       |       |     3 |       ||     3
Armor: Robe              |    10 |       |       |       |       ||    10
       Ring mail         |    22 |    61 |   127 |       |       ||   210
       Skin              |       |    12 |       |       |       ||    12
       Scale mail        |       |       |    29 |   100 |    12 ||   141
       Plate armour      |       |       |       |   296 |   290 ||   586
Dodge: Dodged            |    68 |    85 |   217 |   225 |   153 ||   748
Block: Buckler           |       |       |       |    75 |   208 ||   283
       Reflection        |       |       |       |       |     3 ||     3
